 Dungeon Crawl Stone Soup version 0.23.2-1-ga50397a (webtiles) character file.

Game seed: 11470750454738427333

121 troglodite the Shield-Bearer (level 4, 0/40 HPs)
             Began as a Draconian Fighter on May 22, 2019.
             Killed from afar by Natasha (5 damage)
             ... with a magic dart
             ... on level 2 of the Dungeon.
             The game lasted 00:05:24 (1169 turns).

troglodite the Shield-Bearer (Draconian Fighter)    Turns: 1169, Time: 00:05:25

Health: 0/40       AC:  7    Str: 19    XL:     4   Next: 76%
Magic:  4/4        EV: 11    Int:  8    God:
Gold:   107        SH:  9    Dex: 11    Spells: 3/3 levels left

rFire    + . .     SeeInvis .   a - +0 long sword
rCold    x . .     Gourm    .   b - +0 shield
rNeg     . . .     Faith    .   (armour unavailable)
rPois    .         Spirit   .   (helmet restricted)
rElec    .         Reflect  .   n - +0 cloak
rCorr    .         Harm     .   (no gloves)
MR       .....                  f - +0 pair of boots
Stlth    ..........             (no amulet)
HPRegen  0.13/turn              g - ring of attention (curse)
MPRegen  0.09/turn              s - ring of fire

@: slowed, very slow
A: unfitting armour, cold-blooded, AC +5
a: no special abilities


You were on level 2 of the Dungeon.
You were not hungry.

You visited 1 branch of the dungeon, and saw 2 of its levels.

You collected 107 gold pieces.

Inventory:

Hand Weapons
 a - a +0 long sword (weapon)
Armour
 b - a +0 shield (worn)
 f - a +0 pair of boots (worn)
 n - a +0 cloak (worn)
Jewellery
 g - a cursed ring of attention (left hand)
 r - an uncursed ring of wizardry
 s - a ring of fire (right hand)
Wands
 h - a wand of paralysis (3)
Potions
 c - 2 potions of might
 e - a potion of berserk rage
 i - a potion of flight
 j - a potion of agility
 k - a potion of mutation {unknown}
 l - a potion of brilliance {unknown}
 m - a potion of curing
 p - 2 potions of lignification
 q - 2 potions of resistance {unknown}
Comestibles
 d - 5 rations
 o - a chunk of flesh


   Skills:
 * Level 3.7 Fighting
 + Level 2.6 Long Blades
 * Level 3.6 Dodging
 + Level 0.5 Stealth
 * Level 4.0 Shields


You had 3 spell levels left.
You didn't know any spells.
Your spell library was empty.

Dungeon Overview and Level Annotations

Branches:
Dungeon (2/15)

Altars:

Annotations:
D:2 Natasha


Innate Abilities, Weirdness & Mutations

Your plain brown scales are hard. (AC +5)
You cannot fit into any form of body armour.
You are cold-blooded and may be slowed by cold attacks.


Message History

You kill Natasha!
Natasha screams in pain as she dies!
The white imp disappears in a puff of smoke! x2
Your Shields skill increases to level 4!
Unknown command.
You see here the felid corpse of Natasha.
You butcher the felid corpse of Natasha.
o - a chunk of flesh You see here the felid skeleton of Natasha.
q - 2 viscous sapphire potions Natasha, Servant of Life and Death comes into view.
Natasha drinks a potion.
Natasha suddenly seems more agile.
You see here the felid skeleton of Natasha.
Natasha casts a spell at you.
You feel yourself slow down.
Things that are here:
a +0 dagger; a goblin skeleton Natasha casts a spell at you.
The magic dart hits you.
You die...

#.. #######. #.#
#.##....... #.#
#.....÷.... #### #.#
####.#####.
#...##.## # #.
#....## #. #.....#
#. #..÷.##########.#
#.
#...##.)@)h........#
##. ##.#
#.#####..#########..
#. #.#
#..8.8.8.8.#.. # #.#
#..........#.. #.#
#.........(#.# #/#
#..........#.# #.#
#..........#.# #.#
#..........#.#
#..8.8.8.8.#.#


You could see Natasha.

Vanquished Creatures
  Ijyb (D:2)
  Natasha (twice) (D:2)
  An adder (D:2)
  2 dart slugs (D:1)
  3 giant cockroaches (D:1)
  10 goblins
  A ball python (D:1)
  7 bats (D:1)
  3 frilled lizards (D:1)
  3 kobolds (D:1)
  3 rats
36 creatures vanquished.

Notes
Turn   | Place    | Note
-------+----------+-------------------------------------------
     0 | D:1      | troglodite the Draconian Fighter began the quest for the
                  | Orb.
     0 | D:1      | Reached XP level 1. HP: 19/19 MP: 1/1
   109 | D:1      | Reached XP level 2. HP: 26/26 MP: 2/2
   861 | D:2      | Noticed Natasha
   862 | D:2      | Noticed a crimson imp
   864 | D:2      | Killed Natasha
   864 | D:2      | Reached XP level 3. HP: 31/31 MP: 3/3
   936 | D:2      | Noticed Ijyb
   956 | D:2      | Paralysed by Ijyb for 5 turns
   965 | D:2      | Killed Ijyb
   965 | D:2      | Reached XP level 4. HP: 28/40 MP: 4/4
  1144 | D:2      | Noticed Natasha
  1160 | D:2      | Killed Natasha
  1160 | D:2      | Reached skill level 4 in Shields
  1166 | D:2      | Noticed Natasha
  1169 | D:2      | Killed from afar by Natasha

Skill      XL: |  1  2  3  4 |
---------------+-------------+-----
Dodging        | 3 |  3.6
Shields        | 4 |  4.0
Fighting       | |  3.7
Long Blades    | |  2.6
Stealth        | |  0.5

Action                   |  1- 3 |  4- 6 || total
-------------------------+-------+-------++-------
Melee: Long sword        |    75 |    26 ||   101
       Tailslap          |     4 |     2 ||     6
  Use: Scroll            |     6 |       ||     6
  Eat: Chunk             |       |     1 ||     1
Armor: Skin              |    33 |     4 ||    37
Dodge: Dodged            |    47 |    11 ||    58
Block: Shield            |    49 |    13 ||    62
       Rpst.: Long sword |    11 |     3 ||    14
